Map: New Repugnancy LE

Players

Friend

  • Race: Zerg Zerg
  • Spawn Location: 1:00

Kas - Winner!

  • Race: Terran Terran
  • Spawn Location: 7:00

Event: 2019 WCS Spring

VOD

Have the link to the VOD?

Description

Time

  • Played on: May 17, 2019, 6:40 a.m.
  • Length: 8:54

All games in this series

Show
View Real Time Build Order
Export as new Build Order

Friend Zerg 

Build Orders: Pool First 

Get SALT Encoding   

  12  0:00  Drone  
  13  0:12  Overlord  
  13  0:16  Drone  
  14  0:30  Drone  
  14  0:31  Drone  
  14  0:34  Drone  
  17  0:45  Spawning Pool  
  17  0:48  Drone  
  17  1:07  Hatchery  
  17  1:10  Drone  
  17  1:12  Extractor  
  17  1:15  Drone  
  17  1:32  Queen  
  19  1:33  Zergling x4  
  19  1:39  Overlord  
  21  1:54  Drone  
  22  2:02  Drone  
  22  2:08  Queen  
  25  2:13  Drone  
  26  2:18  Queen  
  26  2:19  Drone  
  29  2:25  Drone  
  29  2:26  Metabolic Boost  
  29  2:32  Drone  
  29  2:33  Drone  
  31  2:49  Hatchery  
  30  2:52  Drone  
  30  2:55  Overlord  
  31  3:04  Zergling x2  
  31  3:05  Zergling x2  
  33  3:08  Drone x3  
  36  3:22  Overlord  
  36  3:24  Drone x4  
  40  3:29  Queen  
  42  3:37  Queen  
  44  3:48  Overlord  
  44  3:49  Drone x5  
  44  3:50  Drone  
  50  4:01  Overlord x3  
  50  4:10  Zergling x8  
  50  4:15  Queen  
  56  4:22  Queen  
  56  4:23  Spore Crawler  
  57  4:25  Drone x3  
  57  4:29  Spore Crawler  
  59  4:35  Drone x6  
  65  4:48  Drone x7  
  72  4:55  Overlord x2  
  72  5:00  Queen  
  72  5:01  Spore Crawler  
  73  5:10  Lair, Extractor  
  73  5:13  Baneling Nest  
  71  5:18  Drone x8  
  76  5:27  Drone x4  
  80  5:31  Extractor x2  
  78  5:36  Extractor  
  78  5:40  Drone  
  78  5:41  Drone x5  
  83  5:52  Hatchery  
  83  5:56  Extractor  
  81  5:58  Drone x2  
  81  5:59  Evolution Chamber, Overlord x3  
  81  6:02  Drone x5  
  81  6:03  Evolution Chamber  
  86  6:07  Zergling x2  
  86  6:08  Baneling x7  
  86  6:11  Centrifical Hooks, Zergling x2  
  87  6:18  Zergling x10  
  92  6:30  Zerg Melee Weapons Level 1, Zerg Ground Armor Level 1  
  92  6:37  Zergling x16  
  92  6:38  Baneling  
  92  6:39  Baneling x3  
  96  6:40  Queen  
  96  6:45  Drone  
  96  6:46  Drone  
  98  6:58  Zergling x16  
  98  6:59  Zergling x2  
  100  7:06  Zergling x2  
  100  7:07  Zergling x6  
  89  7:09  Zergling x2  
  89  7:15  Zergling x4  
  89  7:22  Baneling x13  
  84  7:23  Zergling x4  
  84  7:28  Extractor  
  85  7:33  Drone  
  86  7:42  Overlord x2  
  86  7:48  Spire  
  86  7:49  Hatchery, Zergling x16  
  83  8:06  Queen  
  84  8:19  Drone x9  
  86  8:20  Drone x2  
  86  8:26  Zergling x2  
  77  8:34  Zergling x12  
Show
View Real Time Build Order
Export as new Build Order

Kas Terran - Winner!

Build Orders: Gas First Reaper Expand 

Get SALT Encoding   

  12  0:00  SCV  
  13  0:13  SCV  
  14  0:17  Supply Depot  
  14  0:25  SCV  
  15  0:28  Refinery  
  15  0:39  SCV  
  16  0:45  Barracks  
  16  0:51  SCV  
  17  1:03  SCV  
  18  1:15  SCV  
  19  1:31  Orbital Command  
  19  1:32  Reaper  
  20  1:43  Command Center  
  20  1:57  SCV  
  20  1:58  Factory  
  21  2:07  Refinery, Barracks Reactor  
  21  2:15  Supply Depot  
  21  2:17  SCV  
  22  2:33  SCV  
  23  2:45  Starport  
  23  2:49  Hellion x2  
  27  2:52  SCV  
  27  2:54  Barracks Tech Lab  
  27  2:58  Orbital Command  
  28  3:04  SCV  
  31  3:13  Hellion x2  
  31  3:17  SCV  
  34  3:23  Viking  
  34  3:27  SCV  
  37  3:33  SCV  
  37  3:34  Stimpack, Marine  
  39  3:42  SCV  
  39  3:45  SCV  
  39  3:46  Factory Tech Lab  
  39  3:47  Supply Depot  
  41  3:54  SCV, Barracks  
  42  3:58  Marine  
  43  4:04  Starport Reactor, Barracks  
  43  4:08  Siege Tank  
  46  4:15  SCV x2  
  48  4:18  Engineering Bay  
  48  4:24  Supply Depot  
  48  4:26  Marine  
  48  4:27  SCV  
  48  4:28  SCV  
  51  4:31  Refinery  
  51  4:39  SCV  
  51  4:40  SCV  
  53  4:46  Starport Reactor, Siege Tank  
  53  4:48  Marine x2  
  53  4:51  SCV  
  59  4:55  SCV  
  60  5:03  SCV  
  60  5:04  Terran Infantry Weapons Level 1  
  60  5:06  Supply Depot  
  60  5:07  SCV, Supply Depot  
  62  5:18  Marine x4  
  62  5:19  SCV  
  62  5:22  Marine  
  62  5:23  SCV  
  58  5:29  Medivac x2  
  58  5:31  SCV  
  63  5:35  SCV  
  63  5:36  Marine x4  
  63  5:38  Combat Shield  
  63  5:40  Marine  
  69  5:43  Siege Tank  
  69  5:45  Supply Depot  
  69  5:47  Supply Depot  
  72  5:54  Marine x4  
  76  5:58  Marine  
  77  6:11  Command Center, Marine x2  
  77  6:12  Marine x2  
  77  6:15  Refinery  
  77  6:16  Marine  
  77  6:18  Medivac  
  84  6:19  Medivac  
  86  6:29  Marine x3  
  89  6:33  Marine x2  
  89  6:37  Barracks  
  89  6:39  Barracks  
  91  6:47  Marine x3  
  94  6:56  Supply Depot  
  94  6:58  Supply Depot x2  
  94  7:03  Marine  
  94  7:05  Siege Tank, Marine  
  94  7:07  Marine  
  94  7:17  Marine x2  
  94  7:19  Armory  
  94  7:20  SCV  
  94  7:21  Engineering Bay, Marine  
  98  7:23  Marine  
  98  7:24  Orbital Command  
  98  7:25  SCV, Marine  
  101  7:30  Barracks Reactor x2  
  101  7:31  Medivac x2  
  105  7:37  Marine x2  
  105  7:39  Marine  
  105  7:40  Marine  
  109  7:46  Marine  
  109  7:49  Siege Tank  
  109  7:50  SCV x2  
  103  7:58  Marine x2  
  103  7:59  Orbital Command  
  103  8:00  Marine x2  
  103  8:03  Marine  
  103  8:04  SCV x2  
  108  8:06  Marine  
  109  8:16  SCV  
  109  8:18  Marine x2  
  112  8:26  Marine x5  
  114  8:27  SCV  
  114  8:28  SCV x2  
  114  8:29  Marine  
  114  8:30  Marine  
Tags
 
Add a new tag
Caveats
  • Supply blocks, unpowered buildings, or Contaminate may cause inaccurate times.
  • Supply counts are checked every 10 seconds.